 Dungeon Crawl Stone Soup version 0.30-a0-857-gcaf70739d4 (webtiles) character file.

Game seed: 4935141786821382029

20 Mickster the Chopper (level 2, -3/27 HPs)
             Began as a Hill Orc Berserker on Mar 6, 2023.
             Was a Follower of Trog.
             Slain by a gnoll
             ... wielding a +0 spear
              (6 damage)
             ... on level 2 of the Dungeon.
             The game lasted 00:08:48 (788 turns).

Mickster the Chopper (Hill Orc Berserker)            Turns: 788, Time: 00:08:48

Health: -3/27      AC:  6    Str: 19    XL:     2   Next: 79%
Magic:  2/2        EV: 10    Int:  7    God:    Trog [*.....]
Gold:   585        SH:  0    Dex: 10    Spells: 1/1 levels left

rFire   + . .      SeeInvis .    a - +0 hand axe
rCold   . . .      Faith    .    (no shield)
rNeg    + . .      Spirit   .    f - +0 scale mail
rPois   .          Reflect  .    (no helmet)
rElec   .          Rampage  .    (no cloak)
rCorr   .                        (no gloves)
Will    .....                    (no boots) Stlth
                                 (no amulet)
HPRegen 0.24/turn                d - ring of protection from fire
MPRegen 0.08/turn                e - ring of positive energy

@: no status effects
A: no striking features
a: Renounce Religion, Berserk


You were on level 2 of the Dungeon.
You worshipped Trog.
Trog was aware of your devotion.
You visited 1 branch of the dungeon, and saw 2 of its levels.

You collected 792 gold pieces.
You spent 207 gold pieces at shops.

Inventory:

Hand Weapons
 a - a +0 hand axe (weapon)
 h - a +0 glaive of venom
 i - a +0 war axe
 j - a +0 sling
Missiles
 g - 6 stones (quivered)
Armour
 b - a +0 animal skin
 f - a +0 scale mail (worn)
Jewellery
 d - a ring of protection from fire (left hand)
 e - a ring of positive energy (right hand)
Scrolls
 k - a scroll of blinking {unknown}
Potions
 c - a potion of brilliance {unknown}


   Skills:
 + Level 4.0 Fighting
 + Level 4.5 Axes
 + Level 2.3 Armour
 + Level 1.8 Dodging


You had one spell level left.
You didn't know any spells.
Your spell library was empty.

Dungeon Overview and Level Annotations

Branches:
Dungeon (2/15)

Altars:

Shops:
D:2 (


Message History

Found a stone staircase leading down.
Found Oxzong's Weapon Shoppe.
Found a scroll labelled ZYQOKO YTHYREM.
You have 783 gold pieces.
Found 6 gold pieces.
There is an entrance to Oxzong's Weapon Shoppe here.
There are no items here.
h - a +0 glaive of venom;
i - a +0 war axe;
j - a +0 sling Thank you for shopping at Oxzong's Weapon Shoppe!
Found 3 gold pieces.
k - a scroll labelled ZYQOKO YTHYREM You now have 582 gold pieces (gained 6).
Found 2 stones.
Found a stone staircase leading down.
You now have 585 gold pieces (gained 3).
g - 6 stones (gained 2) 2 gnolls come into view.
The gnoll shouts! x2
A gnoll comes into view. It is wielding a +0 spear.
The gnoll shouts!
The gnoll throws a throwing net.
The throwing net hits you.
You become entangled in the net!
You see here a throwing net.
You tear a large gash into the net.
You shred the net and break free! You hit the gnoll.
The gnoll is moderately wounded.
The gnoll barely misses you.
You closely miss the gnoll.
The gnoll is moderately wounded.
The gnoll hits you with a +0 flail!
You barely miss the gnoll.
The gnoll is moderately wounded.
The gnoll hits you with a +0 flail! The gnoll completely misses you.
You closely miss the gnoll.
The gnoll is moderately wounded.
The gnoll hits you with a +0 flail!
* * * LOW HITPOINT WARNING * * *
The gnoll hits you from afar with a +0 spear.
You die...

..# #.. .. .g
#. #. #.##
#.g#### ##gg@.#
####.# #.# #.#
#.# #.#
#.######.
###........
#####.....####.


You could see 3 gnolls.

Vanquished Creatures
  2 worms (D:2)
  2 endoplasms
  A goblin (D:2)
  4 hobgoblins
  A kobold (D:1)
  A ball python (D:2)
  A bat (D:1)
  A rat (D:1)
13 creatures vanquished.

Notes
Turn   | Place    | Note
-------+----------+-------------------------------------------
     0 | D:1      | Mickster the Hill Orc Berserker began the quest for the
                  | Orb.
     0 | D:1      | Reached XP level 1. HP: 19/19 MP: 1/1
    18 | D:1      | You fall into a shaft and drop 1 floor!
    34 | D:2      | Reached XP level 2. HP: 14/27 MP: 2/2
   270 | D:1      | Identified a scroll of acquirement
   270 | D:1      | Acquired 748 gold pieces
   740 | D:2      | Found Oxzong's Weapon Shoppe.
   749 | D:2      | Bought a +0 glaive of venom for 137 gold pieces
   749 | D:2      | Bought a +0 war axe for 49 gold pieces
   749 | D:2      | Bought a +0 sling for 21 gold pieces
   788 | D:2      | Slain by a gnoll

Illustrated notes

Levels and vault maps discovered:
D:1:      nicolae_arrival_memento_mori, layout_basic, supply_closet_lemuel,
          nicolae_figureground_sparkle
D:2:      layout_rooms, serial_shops, nicolae_shop_stone

Skill      XL: |  1  2 |
---------------+-------+-----
Fighting       | 4 |  4.0
Axes           | |  4.5
Armour         | |  2.3
Dodging        | |  1.8

Action                     || total
---------------------------++-------
  Melee: Hand axe          ||    34
    Use: Scroll            ||     1
 Armour: Animal skin       ||     3
         Scale mail        ||    11
  Dodge: Dodged            ||    34

Table legend: (Time is in decaauts)
 A = Elapsed time spent in this place.
 B = Non-inter-level travel time spent in this place.
 C = Inter-level travel time spent in this place.
 D = Time resting spent in this place.
 E = Time spent auto-exploring this place.
 F = Levels seen in this place.
 G = Mean time per level.
                   A        B        C        D        E       F      G
               +--------+--------+--------+--------+--------+-----+--------+
         Total |    789 |    765 |     24 |    150 |      0 |   2 |  394.5 |
       Dungeon |    789 |    765 |     24 |    150 |      0 |   2 |  394.5 |
               +--------+--------+--------+--------+--------+-----+--------+

Top non-repeatable levels by time:
     D:1: 534 daAuts
     D:2: 254 daAuts
